 Dungeon Sprint DCSS version 0.27.1-33-g824d729ab1 (webtiles) character file.

Game seed: 10411626516360784596

2056 manyhoops the Imperceptible (level 9, -6/39 HPs)
             Began as a Spriggan Enchanter on Dec 3, 2021.
             Was a Follower of Dithmenos.
             Mangled by an iron imp (10 damage)
             ... summoned by a kobold demonologist
             ... in the Dungeon (Sprint I: "Red Sonja").
             The game lasted 00:03:12 (717 turns).

manyhoops the Imperceptible (Spriggan Enchanter)     Turns: 717, Time: 00:03:13

Health: -6/39      AC:  2    Str:  4    XL:     9   Next: 5%
Magic:  4/14       EV: 17    Int: 16    God:    Dithmenos [*.....]
Gold:   698        SH:  0    Dex: 19    Spells: 1/13 levels left

rFire    . . .     SeeInvis +   a - +1 dagger
rCold    . . .     Faith    .   (shield restricted)
rNeg     . . .     Spirit   .   b - +0 robe
rPois    .         Reflect  .   (helmet restricted)
rElec    .         Harm     .   j - scarf {shadows}
rCorr    .         Rampage  .   (gloves unavailable)
Will     +....     NoTele   +   (boots unavailable) Stlth **++++++++
                                (no amulet)
HPRegen  0.13/turn              (no ring)
MPRegen  0.14/turn              (no ring)

@: very slightly contaminated, hasted, wreathed by umbra, very quick
A: very small, no large weapons, unfitting armour, see invisible, speed 3
a: Renounce Religion


You were in the Dungeon.
You worshipped Dithmenos.
Dithmenos was aware of your devotion.
You visited 1 branch You collected 854 gold pieces.
You spent 156 gold pieces at shops.

Inventory:

Hand Weapons
 a - a +1 dagger (weapon)
Armour
 b - a +0 robe (worn)
 j - a scarf of shadows (worn)
Scrolls
 g - a scroll of enchant weapon {unknown}
Potions
 c - 3 potions of curing
 f - 2 potions of magic
 i - 2 potions of attraction {unknown}


   Skills:
 - Level 1.1 Short Blades
 - Level 2.6 Dodging
 + Level 26.6 Stealth
 - Level 2.6 Spellcasting
 - Level 3.6 Hexes


You had one spell level left.
You knew the following spells:

 Your Spells              Type           Power      Damage    Failure   Level
a - Corona                Hex            14%        N/A       4%          1
b - Ensorcelled Hibernat  Hex/Ice        14%        N/A       14%         2
c - Confusing Touch       Hex            13%        N/A       13%         3
d - Dazzling Flash        Conj/Hex       14%        N/A       28%         3
e - Tukima's Dance        Hex            13%        N/A       13%         3

Your spell library contained the following spells:

 Spells                   Type           Power      Damage    Failure   Level


Dungeon Overview and Level Annotations

Branches:
Dungeon (1/1)

Altars:
Cheibriados
Dithmenos
Elyvilon
Fedhas
Gozag
Hepliaklqana
Kikubaaqudgha
Makhleb
Nemelex Xobeh
Okawaru
Qazlal
Ru
Sif Muna
Trog
Uskayaw
Vehumet
Wu Jian
Xom
Yredelemnul
Zin
The Shining One
Jiyva
Lugonu

Shops:
D (*[


Innate Abilities, Weirdness & Mutations

You are very small and have problems with some larger weapons.
You are too small for most types of armour.
You have supernaturally acute eyesight. (SInv)
You cover ground extremely quickly. (Speed+++)


Message History

Unknown command.
There is an open door here.
Your magical contamination has completely faded away.
Unknown command.
You feel yourself speed up.
Casting: Ensorcelled Hibernation (safe; 14% risk of failure)
Confirm with . or Enter, or press ? or * to list all spells.
Okay, then.
Casting: Ensorcelled Hibernation (safe; 14% risk of failure)
Confirm with . or Enter, or press ? or * to list all spells.
Aiming: Ensorcelled Hibernation (safe; 14% risk of failure)
Press: ? - help, Shift-Dir - straight line, f/p - kobold demonologist
Aim: a kobold demonologist, wielding a +0 dagger and wearing a +0 robe of willpower (umbra, chance to affect: 4%)
Okay, then.
Casting: Ensorcelled Hibernation (safe; 14% risk of failure)
Confirm with . or Enter, or press ? or * to list all spells.
Okay, then.
Casting: Ensorcelled Hibernation (safe; 14% risk of failure)
Confirm with . or Enter, or press ? or * to list all spells.
The spell is quite dangerous to cast (28% risk of failure)!
Continue anyway?
You miscast Dazzling Flash.
You are very lightly contaminated with residual magic.
Nothing appears to happen.
The kobold demonologist casts a spell.
Unknown command.
You barely miss the kobold demonologist.
The sun demon hits you!
You are engulfed in flames!
* * * LOW HITPOINT WARNING * * *
The kobold demonologist closely misses you.
Unknown command.
You feel much better. The sun demon hits you!
You are engulfed in flames!
* * * LOW HITPOINT WARNING * * *
Unknown command.
Blink to where?
Press: ? - help, Dir - move target, p - kobold demonologist
As you read the scroll of blinking, it crumbles to dust.
The kobold demonologist casts a spell.
There is an open door here.
The iron imp hits you!
You die...

##########################
#<.#.)'..#@)'..#__#..K...#
#..K..#.)'.5#..'..'..#..G#
#.§#####'#####'#__####...+
#..####..#...#K####$( ####
#..#__####..##5#§§§.c
#..#_____##'#_555§§§§
#⌠⌠#_.∩...'...§#≈§5§
####_..__##_§#)##'###
#_____###'#(#[.(.###


You could see an iron imp (summoned).

Vanquished Creatures
  Sonja (D)
  A deep troll (D)
  A kobold demonologist (D)
  A slime creature (D)
  A yak (D)
  Sigmund (D)
  A floating eye (D)
  An ogre (D)
  A jelly (D)
  Ijyb (D)
  A ballistomycete spore (D)
11 creatures vanquished.

Vanquished Creatures (others)
  A ballistomycete spore (D)
1 creature vanquished.

Grand Total: 12 creatures vanquished

Notes
Turn   | Place    | Note
-------+----------+-------------------------------------------
     0 | D        | manyhoops the Spriggan Enchanter began the quest for the
                  | Orb.
     0 | D        | Reached XP level 1. HP: 9/9 MP: 5/5
     1 | D        | Noticed Ijyb
    14 | D        | Killed Ijyb
    15 | D        | Reached skill level 10 in Stealth
    15 | D        | Reached XP level 2. HP: 11/13 MP: 6/6
   142 | D        | Noticed an ogre
   145 | D        | Killed an ogre
   146 | D        | Reached skill level 14 in Stealth
   146 | D        | Reached XP level 3. HP: 16/16 MP: 8/8
   146 | D        | Reached XP level 4. HP: 21/21 MP: 9/9
   155 | D        | Noticed Sigmund
   158 | D        | Killed Sigmund
   159 | D        | Reached skill level 17 in Stealth
   159 | D        | Reached XP level 5. HP: 24/24 MP: 10/10
   249 | D        | Found an ornate altar of the Wu Jian Council.
   249 | D        | Found a shimmering blue altar of Sif Muna.
   251 | D        | Found a radiant altar of Vehumet.
   251 | D        | Identified the +6 ring mail of the Hot Ocelot {Rampage
                  | Str+2}
   256 | D        | Reached skill level 18 in Stealth
   256 | D        | Reached XP level 6. HP: 28/28 MP: 11/11
   263 | D        | Found Venisora's General Store.
   263 | D        | Found an ancient bone altar of Kikubaaqudgha.
   263 | D        | Found a hazy altar of Hepliaklqana.
   263 | D        | Found a stormy altar of Qazlal.
   263 | D        | Found a hide-covered altar of Uskayaw.
   263 | D        | Found a blossoming altar of Fedhas.
   263 | D        | Found a bloodstained altar of Trog.
   263 | D        | Found an iron altar of Okawaru.
   263 | D        | Found a basalt altar of Yredelemnul.
   263 | D        | Found a glowing golden altar of the Shining One.
   263 | D        | Found a snail-covered altar of Cheibriados.
   263 | D        | Found a sacrificial altar of Ru.
   263 | D        | Found a glowing silver altar of Zin.
   263 | D        | Found a shadowy altar of Dithmenos.
   263 | D        | Found a white marble altar of Elyvilon.
   263 | D        | Noticed a yak
   264 | D        | Found an opulent altar of Gozag.
   265 | D        | Killed a yak
   266 | D        | Reached skill level 20 in Stealth
   266 | D        | Found a sparkling altar of Nemelex Xobeh.
   272 | D        | Became a worshipper of Dithmenos the Shadowed
   314 | D        | Noticed Sonja
   318 | D        | Killed Sonja
   319 | D        | Reached skill level 23 in Stealth
   319 | D        | Reached XP level 7. HP: 32/32 MP: 12/12
   330 | D        | Noticed a deep troll
   334 | D        | Killed a deep troll
   335 | D        | Reached skill level 25 in Stealth
   335 | D        | Reached XP level 8. HP: 36/36 MP: 13/13
   389 | D        | Found Pelyak's Antique Weapon Boutique.
   415 | D        | Found Jotenku's Armour Emporium.
   420 | D        | Bought a scarf of shadows for 156 gold pieces
   544 | D        | Found a viscous altar of Jiyva.
   544 | D        | Found a corrupted altar of Lugonu.
   544 | D        | Noticed a slime creature
   545 | D        | Found a burning altar of Makhleb.
   545 | D        | Found a shimmering altar of Xom.
   547 | D        | Killed a slime creature
   547 | D        | Reached * piety under Dithmenos
   560 | D        | Noticed a kobold demonologist
   561 | D        | Noticed a kobold demonologist
   586 | D        | Learned a level 2 spell: Ensorcelled Hibernation
   590 | D        | Learned a level 3 spell: Confusing Touch
   594 | D        | Learned a level 3 spell: Dazzling Flash
   598 | D        | Learned a level 3 spell: Tukima's Dance
   627 | D        | Reached skill level 26 in Stealth
   677 | D        | Killed a kobold demonologist
   678 | D        | Reached XP level 9. HP: 39/39 MP: 11/14
   678 | D        | Noticed a centaur warrior
   712 | D        | Noticed a sun demon
   717 | D        | Mangled by an iron imp

Illustrated notes

Levels and vault maps discovered:
D:        dungeon_sprint_1 [red_sonja_temple_1, red_sonja_temple_small_1]

Skill      XL: |  1  2  3  4  5  6  7  8 |
---------------+-------------------------+-----
Stealth        | 10 14 17 18 23 25 26 | 26.6
Short Blades   | |  1.1
Dodging        | |  2.6
Spellcasting   | |  2.6
Hexes          | |  3.6

Action                   |  1- 3 |  4- 6 |  7- 9 || total
-------------------------+-------+-------+-------++-------
Melee: Dagger            |    11 |     4 |     8 ||    23
 Cast: Ensorcelled Hiber |       |       |     6 ||     6
  Use: Potion            |     1 |       |     2 ||     3
       Scroll            |       |       |     1 ||     1
 Stab: Sleeping          |     1 |     4 |     5 ||    10
Armor: Robe              |       |       |     1 ||     1
Dodge: Dodged            |     5 |       |     4 ||     9
